 Dungeon Crawl Stone Soup version 0.31-a0-222-gefeffbb62a (webtiles) character file.

Game seed: 17641064264359308822

38 Ijustatesigmund the Stinger (level 3, 0/23 HPs)
             Began as an Octopode Venom Mage on July 5, 2023.
             Hit by a goblin thrown by Robin (2 damage)
             ... on level 1 of the Dungeon.
             The game lasted 00:05:03 (2241 turns).

Ijustatesigmund the Stinger (Octopode Venom Mage)   Turns: 2241, Time: 00:05:04

Health: 0/23       AC:  2    Str:  7    XL:     3   Next: 43%
Magic:  6/6        EV: 13    Int: 19    God:
Gold:   49         SH:  0    Dex: 18    Spells: 0/6 levels left

rFire   . . .        b - +0 spear
rCold   . . .        (no shield)
rNeg    . . .        d - +1 hat
rPois   .            (no amulet)
rElec   .            f - +6 ring of dexterity
rCorr   .            (no ring)
SInv    +            (no ring)
Will    .....        (no ring)
Stlth   +++          (no ring)
HPRegen 0.23/turn    (no ring)
MPRegen 0.10/turn    (no ring)
                     (no ring)

%: no passive effects
@: about to teleport
A: almost no armour, amphibious, 8 rings, camouflage 1, gelatinous body 1,
(nimble swimmer 1), tentacles, see invisible, mutation resistance 1, sense
surroundings 1, wild magic 1
a: no special abilities


You were on level 1 of the Dungeon.
You visited 1 branch of the dungeon, and saw 2 of its levels.

You collected 49 gold pieces.

Inventory:

Hand Weapons
 b - a +0 spear (weapon)
Armour
 d - a +1 hat (worn)
Jewellery
 f - a +6 ring of dexterity (left tentacle)
Scrolls
 e - a scroll of teleportation
 g - 2 scrolls of silence
Potions
 a - a potion of magic
 c - a potion of attraction


   Skills:
 - Level 1.1 Fighting
 - Level 2.0 Dodging
 - Level 2.6 Stealth
 + Level 2.4 Spellcasting
 + Level 0.5 Conjurations
 - Level 1.0 Transmutations
 + Level 1.0 Air Magic
 + Level 4.1 Poison Magic


You couldn't memorise any spells.
You knew the following spells:

 Your Spells              Type           Power      Damage    Failure   Level
a - Sting                 Tmut/Pois      60%        1d6       9%          1
b - Poisonous Vapours     Pois/Air       30%        N/A       13%         2
c - Mephitic Cloud        Conj/Pois/Air  12%        N/A       30%         3

Your spell library contained the following spells:

 Spells                   Type           Power      Damage    Failure   Level
 Olgreb's Toxic Radiance  Pois           23%        N/A       36%         4


Dungeon Overview and Level Annotations

Branches:
Dungeon (2/15)

Altars:

Annotations:
D:1 Robin


Innate Abilities, Weirdness & Mutations

You cannot wear most types of armour.
You are amphibious.
You can wear up to eight rings at the same time.
Your skin changes colour to match your surroundings (Stealth+).
Your rubbery body absorbs attacks. (AC +1, EV +1)
((You are camouflaged when in or above water. (Stealth+)))
You have tentacles for arms and can constrict up to eight enemies at once.
You have supernaturally acute eyesight. (SInv)
You are somewhat resistant to further mutation.
You passively map a small area around you.
Your spells are a little harder to cast, but a little more powerful.


Message History

You constrict the worm. The worm bites you!
* * * LOW HITPOINT WARNING * * *
You release your grip on the worm.
Casting: Poisonous Vapours (safe; 13% risk of failure)
Confirm with . or Enter, or press ? or * to list all spells.
Aiming: Sting (safe; 9% risk of failure)
Press: ? - help, Shift-Dir - straight line, f/p - worm
Aim: a worm (almost dead, poisoned, 91% to hit)
The sting hits the worm.
The worm looks even sicker.
You kill the worm!
Your Air Magic skill increases to level 1!
You start resting.
Magic restored.
You start resting.
HP restored.
You start waiting.
Done waiting.
(D) Dungeon
Where to? (Enter - D:1 @ (x,y), ? - help)
There is a stone staircase leading down here.
You climb downwards.
Level annotation: Robin The goblin shouts! x5
Robin roars a battlecry!
The goblins go into a battle-frenzy!
Robin closely misses you. The goblin hits you with a +0 club. x2
There is a stone staircase leading up, spattered with blood here.
The goblin barely misses you. x2; The goblin hits you with a +0 club.
The goblin barely misses you.
You climb upwards.
There is a stone staircase leading down here.
As you read the scroll of teleportation, it crumbles to dust.
You feel strangely unstable. The goblin hits you with a +0 club.
The goblin closely misses you. Robin throws the goblin at you!
The goblin barely misses you. The goblin hits you with a +0 club.
* * * LOW HITPOINT WARNING * * *
Okay, then.
The goblin attacks as you move away! The goblin barely misses you. x2
Robin throws the goblin at you!
You die...

.......####>........#.#
......## ##........#.#
.....## #..(.....#.#
....########.########.#
..[........#.# #...#
#...#####.##.######.######
#...#####.##.............#
#...'.....####.g.g.......#
#...##########..@..(.....#
....'........#..g>g......#
#...##............g......#
....##..........####'#####
....##..........# #.#
....########'#### #.#
....# #.# #.# ..### #.#
#.# ..# #.# #.#


You could see Robin and 4 goblins.

Vanquished Creatures
  2 worms
  A dart slug (D:1)
  4 endoplasms
  A giant cockroach (D:1)
  3 goblins
  3 hobgoblins (D:1)
  A kobold (D:2)
  A quokka (D:1)
  4 ball pythons
  A bat (D:1)
  3 frilled lizards
  6 rats
30 creatures vanquished.

Notes
Turn   | Place    | Note
-------+----------+-------------------------------------------
     0 | D:1      | Ijustatesigmund the Octopode Venom Mage began the quest for
                  | the Orb.
     0 | D:1      | Reached XP level 1. HP: 11/11 MP: 3/3
   365 | D:1      | Reached XP level 2. HP: 14/18 MP: 5/5
   368 | D:1      | Learned a level 2 spell: Poisonous Vapours
   515 | D:1      | Gained mutation: You have supernaturally acute eyesight.
                  | (SInv) [potion of mutation]
   515 | D:1      | Gained mutation: Your spells are a little harder to cast,
                  | but a little more powerful. [potion of mutation]
   515 | D:1      | Gained mutation: You passively map a small area around you.
                  | [potion of mutation]
   515 | D:1      | Gained mutation: You are somewhat resistant to further
                  | mutation. [potion of mutation]
   624 | D:1      | Reached skill level 1 in Fighting
   974 | D:2      | Reached skill level 4 in Poison Magic
  1162 | D:2      | Reached XP level 3. HP: 23/23 MP: 3/6
  1166 | D:2      | Learned a level 3 spell: Mephitic Cloud
  1432 | D:2      | Noticed Robin
  2054 | D:1      | Reached skill level 1 in Air Magic
  2241 | D:1      | Hit by a goblin thrown by Robin

Illustrated notes

Levels and vault maps discovered:
D:1:      onia_arrival_pyramid, layout_basic
D:2:      layout_basic, uniq_robin

Skill      XL: |  1  2  3 |
---------------+----------+-----
Fighting       | 1 |  1.1
Poison Magic   | 4 |  4.1
Air Magic      | 1 |  1.0
Dodging        | |  2.0
Stealth        | |  2.6
Spellcasting   | |  2.4
Conjurations   | |  0.5
Transmutations | |  1.0

Action                     || total
---------------------------++-------
  Melee: Short sword       ||    14
         Spear             ||    51
         Constrict         ||    15
         Tentacles         ||    11
   Cast: Sting             ||     7
         Poisonous Vapours ||    14
         Mephitic Cloud    ||     1
    Use: Scroll            ||     8
         Potion            ||     1
   Stab: Sleeping          ||     5
 Armour: Skin              ||     7
  Dodge: Dodged            ||    50

Table legend: (Time is in decaauts)
 A = Elapsed time spent in this place.
 B = Non-inter-level travel time spent in this place.
 C = Inter-level travel time spent in this place.
 D = Time resting spent in this place.
 E = Time spent auto-exploring this place.
 F = Levels seen in this place.
 G = Mean time per level.
                   A        B        C        D        E       F      G
               +--------+--------+--------+--------+--------+-----+--------+
         Total |   2247 |   2180 |     67 |    838 |    990 |   2 | 1123.5 |
       Dungeon |   2247 |   2180 |     67 |    838 |    990 |   2 | 1123.5 |
               +--------+--------+--------+--------+--------+-----+--------+

Top non-repeatable levels by time:
     D:1: 1620 daAuts
     D:2: 626 daAuts
